 Dungeon Crawl Stone Soup version 0.29.1-13-g9f3cf754e1 (webtiles) character file.

Game seed: 6807269832084150762

7 sankara the Firebug (level 2, -1/20 HPs)
             Began as a Hill Orc Fire Elementalist on Feb 10, 2023.
             Frozen to death by an endoplasm (5 damage)
             ... on level 1 of the Dungeon.
             The game lasted 00:01:25 (199 turns).

sankara the Firebug (Hill Orc Fire Elementalist)     Turns: 199, Time: 00:01:26

Health: -1/20      AC:  2    Str: 10    XL:     2   Next: 0%
Magic:  0/4        EV: 12    Int: 15    God:
Gold:   0          SH:  0    Dex: 11    Spells: 3/4 levels left

rFire   . . .      SeeInvis .   h - +0 rapier
rCold   . . .      Faith    .   (no shield)
rNeg    . . .      Spirit   .   a - +0 robe
rPois   .          Reflect  .   (no helmet)
rElec   .          Harm     .   (no cloak)
rCorr   .          Rampage  .   (no gloves)
Will    .....                   (no boots)
Stlth   ++........              (no amulet)
HPRegen 0.06/turn               (no ring)
MPRegen 0.09/turn               (no ring)

@: no status effects
A: no striking features
a: no special abilities


You were on level 1 of the Dungeon.
You visited 1 branch of the dungeon, and saw 1 of its levels.

Inventory:

Hand Weapons
 h - a +0 rapier (weapon)
Missiles
 d - 5 poisoned darts
Armour
 a - a +0 robe (worn)
Magical Staves
 c - a staff of earth
Scrolls
 f - a scroll of enchant weapon {unknown}
Potions
 b - a potion of magic
 e - a potion of heal wounds {unknown}
 g - a potion of curing {unknown}


   Skills:
 + Level 1.6 Dodging
 + Level 1.6 Stealth
 + Level 1.6 Spellcasting
 * Level 1.2 Conjurations
 * Level 3.4 Fire Magic


You had 3 spell levels left.
You knew the following spells:

 Your Spells              Type           Power      Damage    Failure   Level
a - Foxfire               Conj/Fire      32%        2x1d5     9%          1

Your spell library contained the following spells:

 Spells                   Type           Power      Damage    Failure   Level
 Scorch                   Fire           22%        2d6       9%          2
 Conjure Flame            Conj/Fire      8%         6-21      26%         3
 Inner Flame              Hex/Fire       6%         N/A       34%         3
 Flame Wave               Conj/Fire      8%         2d5       65%         4


Dungeon Overview and Level Annotations

Branches:
Dungeon (1/15)

Altars:


Message History

You hit the jackal.
You kill the jackal!
The jackal bites you but does no damage.
The jackal bites you.
You hit the jackal.
You kill the jackal!
The frilled lizard bites you but does no damage.
You hit the frilled lizard but do no damage.
The frilled lizard misses you.
You hit the frilled lizard but do no damage.
The frilled lizard bites you.
You barely miss the frilled lizard. The frilled lizard bites you.
The endoplasm quivers.
Casting: Foxfire (safe; 9% risk of failure)
Confirm with . or Enter, or press ? or * to list all spells.
You conjure some foxfire!
The frilled lizard bites you.
You barely miss the frilled lizard.
The foxfire hits the frilled lizard.
You kill the frilled lizard!
You have reached level 2!
You start resting.
An endoplasm is nearby!
Casting: Foxfire (safe; 9% risk of failure)
Confirm with . or Enter, or press ? or * to list all spells.
You conjure some foxfire!
The foxfire hits the endoplasm.
The endoplasm is moderately wounded.
The foxfire hits the endoplasm.
The endoplasm is severely wounded.
The endoplasm freezes you.
You are frozen.
Unknown command.
You hit the endoplasm.
The endoplasm is severely wounded.
The endoplasm hits you.
* * * LOW HITPOINT WARNING * * *
The endoplasm hits you.
* * * LOW HITPOINT WARNING * * *
The endoplasm freezes you.
You are frozen.
You die...

#...#.....#.#
###.###.###.#
#...#.....#.# #
#.....###.#.#.###.#.#
#.#.....#...#...# #.#.#
#.#.....#.#####.###.#.#
#.......#...# #.....#
##$.....###.#####.###
.....J..###...#.@.#
....#...#.###.#J###
....#...#.#...#.#
†.....#.#.#####.#
.....##.#.# #...#
..lh.>..#.###.###
........#.....#
...####.###.###
....###.###.#


You could see an endoplasm.

Vanquished Creatures
  A giant cockroach (D:1)
  3 jackals (D:1)
  2 frilled lizards (D:1)
6 creatures vanquished.

Vanquished Creatures (others)
  14 foxfires (D:1)
14 creatures vanquished.

Grand Total: 20 creatures vanquished

Notes
Turn   | Place    | Note
-------+----------+-------------------------------------------
     0 | D:1      | sankara the Hill Orc Fire Elementalist began the quest for
                  | the Orb.
     0 | D:1      | Reached XP level 1. HP: 14/14 MP: 3/3
   184 | D:1      | Reached XP level 2. HP: 9/20 MP: 0/4
   199 | D:1      | Frozen to death by an endoplasm

Illustrated notes

Levels and vault maps discovered:
D:1:      elethiomel_arrival_maze, layout_rooms,
          hellmonk_ecumenical_altar_crossroads, st_stairs_10,
          wad_floor_pattern_2

Action                   || total
-------------------------++-------
Melee: Rapier            ||     8
 Cast: Foxfire           ||     9
Armor: Robe              ||     3
Dodge: Dodged            ||     8
